 Dungeon Crawl Stone Soup version 0.31-a0-1008-g5b978da (webtiles) character file.

Game seed: 13189357104255803428

86 Partyfoot the Trooper (level 4, -2/37 HPs)
             Began as a Demonspawn Fighter on Nov 12, 2023.
             Slain by a gnoll
             ... wielding a +0 halberd
              (10 damage)
             ... on level 2 of the Dungeon.
             The game lasted 00:02:53 (1367 turns).

Partyfoot the Trooper (Demonspawn Fighter)          Turns: 1367, Time: 00:02:54

Health: -2/37      AC:  7    Str: 18    XL:     4   Next: 27%
Magic:  4/4        EV:  9    Int: 10    God:
Gold:   45         SH:  4    Dex: 12    Spells: 3/3 levels left

rFire   . . .        a - +0 flail
rCold   . . .        c - +0 buckler
rNeg    . . .        b - +0 scale mail
rPois   .            (helmet restricted)
rElec   .            g - +0 cloak
rCorr   .            (no gloves)
SInv    .            (no boots)
Will    .....        (no amulet) Stlth
                     (no ring)
HPRegen 0.26/turn    (no ring)
MPRegen 0.09/turn

%: no passive effects
@: no status effects
A: horns 2
a: no special abilities


You were on level 2 of the Dungeon.
You visited 1 branch of the dungeon, and saw 2 of its levels.

You collected 45 gold pieces.

Inventory:

Hand Weapons
 a - a +0 flail (weapon)
Armour
 b - a +0 scale mail (worn)
 c - a +0 buckler (worn)
 g - a +0 cloak (worn)
Scrolls
 e - a scroll of brand weapon {unknown}
 h - a scroll of identify {unknown}
 j - a scroll of fog {unknown}
Potions
 d - a potion of might
 f - a potion of mutation {unknown}
 i - a potion of brilliance {unknown}


   Skills:
 + Level 3.8 Fighting
 + Level 2.7 Maces & Flails
 - Level 2.6 Armour
 + Level 3.4 Shields


You had 3 spell levels left.
You didn't know any spells.
Your spell library contained the following spells:

 Spells                   Type           Power      Damage    Failure   Level
 Ensorcelled Hibernation  Hex/Ice        0%         N/A       93%         2
 Jinxbite                 Hex            0%         N/A       93%         2
 Anguish                  Hex/Necr       0%         N/A       100%        4


Dungeon Overview and Level Annotations

Branches:
Dungeon (2/15)

Altars:


Innate Abilities, Weirdness & Mutations

You have a pair of horns on your head.


Message History

The gnoll hits you with a +0 whip. The gnoll hits you but does no damage.
You sock the gnoll!
You kill the gnoll!
The gnoll hits you but does no damage. x2
You have reached level 4!
You feel clever.
Your demonic ancestry asserts itself...
The horns on your head grow some more.
You sock the gnoll!
The gnoll is severely wounded.
The gnoll hits you but does no damage.
You sock the gnoll!
You kill the gnoll!
You start resting.
A gnoll is nearby!
The gnoll shouts!
The gnoll hits you with a +0 club.
You barely miss the gnoll.
You headbutt the gnoll, but do no damage.
The gnoll hits you but does no damage. x2
You hit the gnoll but do no damage. You headbutt the gnoll.
The gnoll is lightly wounded.
The gnoll hits you with a +0 club.
You hit the gnoll.
The gnoll is heavily wounded.
The gnoll closely misses you.
The gnoll hits you from afar with a +0 halberd!
You closely miss the gnoll.
The gnoll is heavily wounded.
The gnoll hits you but does no damage.
The gnoll hits you from afar with a +0 halberd.
You barely miss the gnoll.
The gnoll is heavily wounded.
The gnoll hits you with a +0 club.
* * * LOW HITPOINT WARNING * * *
The gnoll barely misses you. The gnoll closely misses you.
You block the gnoll's attack.
You sock the gnoll!
You kill the gnoll!
The gnoll hits you from afar with a +0 halberd!
You die...

###.###.....# ..#
..#.....#.##..# ..#
...........##.# ...
...........##.##.#
.................#
...............###
............##.g#
...........####)####
........†..####)@..#
.............#####...#
...#.......#....
#.....# #######.#####
###..# #..# .# ##..# .
#...# #.#.### #.#.[.#


You could see a gnoll.

Vanquished Creatures
  5 gnolls
  2 dart slugs (D:1)
  6 ball pythons (D:1)
  2 endoplasms (D:1)
  3 giant cockroaches
  3 goblins (D:1)
  2 hobgoblins (D:1)
  4 jackals (D:1)
  3 quokkas (D:1)
  6 bats
  A frilled lizard (D:1)
  3 kobolds (D:1)
  2 rats (D:1)
42 creatures vanquished.

Notes
Turn   | Place    | Note
-------+----------+-------------------------------------------
     0 | D:1      | Partyfoot the Demonspawn Fighter began the quest for the
                  | Orb.
     0 | D:1      | Reached XP level 1. HP: 18/18 MP: 1/1
   102 | D:1      | Gained mutation: You have a pair of small horns on your
                  | head. [demonic ancestry]
   102 | D:1      | Reached XP level 2. HP: 24/24 MP: 2/2
   636 | D:1      | Reached XP level 3. HP: 25/29 MP: 3/3
  1353 | D:2      | Gained mutation: You have a pair of horns on your head.
                  | [demonic ancestry]
  1353 | D:2      | Reached XP level 4. HP: 26/37 MP: 4/4
  1367 | D:2      | Slain by a gnoll

Illustrated notes

Levels and vault maps discovered:
D:1:      spicycebolla_green_bress_n_ham_2, layout_basic,
          roderic_serpentine_path
D:2:      layout_rooms, minmay_misc_feat_alley, chequers_jeans

Skill      XL: |  1  2 |
---------------+-------+-----
Maces & Flails | 2 |  2.7
Shields        | 3 |  3.4
Fighting       | |  3.8
Armour         | |  2.6

Action                     |  1- 3 |  4- 6 || total
---------------------------+-------+-------++-------
  Melee: Flail             |    97 |     8 ||   105
         Headbutt          |    12 |     2 ||    14
 Armour: Scale mail        |    83 |    10 ||    93
  Dodge: Dodged            |    39 |     3 ||    42
  Block: Buckler           |    11 |     1 ||    12

Table legend: (Time is in decaauts)
 A = Elapsed time spent in this place.
 B = Non-inter-level travel time spent in this place.
 C = Inter-level travel time spent in this place.
 D = Time resting spent in this place.
 E = Time spent auto-exploring this place.
 F = Levels seen in this place.
 G = Mean time per level.
                   A        B        C        D        E       F      G
               +--------+--------+--------+--------+--------+-----+--------+
         Total |   1403 |   1188 |    215 |    108 |    826 |   2 |  701.5 |
       Dungeon |   1403 |   1188 |    215 |    108 |    826 |   2 |  701.5 |
               +--------+--------+--------+--------+--------+-----+--------+

Top non-repeatable levels by time:
     D:1: 1312 daAuts
     D:2: 90 daAuts
